 Dungeon Crawl Stone Soup version 0.31.0-32-g396128a36d (webtiles) character file.

Game seed: 5963598447884759369

257 cdecastro the Poker (level 6, 0/47 HPs)
             Began as a Human Cinder Acolyte on Mar 8, 2024.
             Was a High Priest of Ignis.
             Slain by a gnoll
             ... wielding a +0 spear
             ... led by a gnoll sergeant
              (6 damage)
             ... on level 4 of the Dungeon.
             The game lasted 00:05:20 (2953 turns).

cdecastro the Poker (Human Cinder Acolyte)          Turns: 2953, Time: 00:05:20

Health: 0/47       AC: 15    Str: 16    XL:     6   Next: 16%
Magic:  7/7        EV:  7    Int: 14    God:    Ignis [*****.]
Gold:   74         SH:  0    Dex:  9    Spells: 7/7 levels left

rFire   + . .        a - -1 spear (flame)
rCold   . . .        (no shield)
rNeg    . . .        t - +0 chain mail
rPois   .            (no helmet)
rElec   .            (no cloak)
rCorr   .            (no gloves)
SInv    .            (no boots)
Will    .....        (no amulet) Stlth
                     (no ring)
HPRegen 0.27/turn    (no ring)
MPRegen 0.10/turn

%: no passive effects
@: fiery-armoured, studying Short Blades
A: explore regen
a: Renounce Religion, Fiery Armour, Foxfire Swarm, Rising Flame


You were on level 4 of the Dungeon.
You worshipped Ignis.
Ignis was extremely pleased with you.
You visited 2 branches of the dungeon, and saw 5 of its levels.

You collected 194 gold pieces.
You spent 120 gold pieces at shops.

Inventory:

Hand Weapons
 a - a -1 spear of flaming (weapon)
 b - a +0 longbow
Missiles
 u - 2 poisoned darts
Armour
 f - a +0 ring mail
 l - a +0 robe
 t - a +0 chain mail (worn)
Jewellery
 i - an amulet of faith
 n - a +6 ring of dexterity
 v - an amulet of the acrobat
Scrolls
 c - a scroll of enchant weapon {unknown}
 d - 2 scrolls of fear
 g - 5 scrolls of identify {unknown}
 k - a scroll of immolation {unknown}
 m - a scroll of silence {unknown}
 o - a scroll of revelation {unknown}
 p - 5 scrolls of teleportation
 q - 2 scrolls of poison {unknown}
 r - 2 scrolls of fog {unknown}
 s - a scroll of vulnerability {unknown}
Potions
 e - a potion of brilliance {unknown}
 h - 2 potions of curing {unknown}
 j - a potion of attraction {unknown}
 w - a potion of degeneration {unknown}
 x - a potion of heal wounds {unknown}


   Skills:
 - Level 3.0 Fighting
 - Level 4.6 Polearms
 + Level 4.6 Ranged Weapons
 - Level 1.0 Spellcasting
 - Level 3.0 Fire Magic


You had 7 spell levels left.
You didn't know any spells.
Your spell library contained the following spells:

 Spells                   Type           Power      Damage    Failure   Level
 Scorch                   Fire           18%        2d5       86%         2
 Foxfire                  Conj/Fire      16%        2x1d4     90%         1
 Call Imp                 Summ           0%         N/A       99%         2
 Sublimation of Blood     Necr           0%         N/A       99%         2
 Plasma Beam              Fire/Air       2%         2x1d12    100%        6
 Starburst                Conj/Fire      2%         6d3       100%        6
 Summon Hydra             Summ           0%         N/A       100%        7


Dungeon Overview and Level Annotations

Branches:
Dungeon (4/15)             Temple (1/1) D:4

Altars:
Ashenzari
Cheibriados
Dithmenos
Elyvilon
Fedhas
Hepliaklqana
Makhleb
Nemelex Xobeh
Okawaru
Qazlal
Ru
Sif Muna
Trog
Uskayaw
Vehumet
Zin
The Shining One

Shops:
D:2 ?

Annotations:
D:2 1 runed translucent door, Crazy Yiuf


Innate Abilities, Weirdness & Mutations

You regain HP and MP as you explore.


Message History

Unknown command.
You hit the gnoll sergeant. You burn the gnoll sergeant.
The gnoll sergeant is severely wounded.
The gnoll hits you but does no damage.
The gnoll sergeant hits you with a +3 heavy spear.
* * * LOW HITPOINT WARNING * * *
The gnoll sergeant is burned by your cloak of flames.
The gnoll sergeant is severely wounded.
You hit the gnoll sergeant but do no damage.
The gnoll sergeant is severely wounded.
The gnoll hits you but does no damage.
Unknown command.
You hit the gnoll sergeant but do no damage.
The gnoll sergeant is severely wounded.
The gnoll sergeant hits you with a +3 heavy spear.
* * * LOW HITPOINT WARNING * * *
The gnoll hits you but does no damage.
Unknown command.
You barely miss the gnoll sergeant.
The gnoll sergeant is severely wounded.
The gnoll hits you but does no damage.
The gnoll sergeant hits you with a +3 heavy spear!
* * * LOW HITPOINT WARNING * * *
The gnoll sergeant is burned by your cloak of flames.
The gnoll sergeant is almost dead.
You closely miss the gnoll sergeant.
The gnoll sergeant is almost dead.
The gnoll barely misses you.
Unknown command.
You hit the gnoll sergeant but do no damage.
The gnoll sergeant is almost dead.
The gnoll sergeant barely misses you. The gnoll completely misses you.
Unknown command.
You barely miss the gnoll sergeant.
The gnoll sergeant is almost dead.
Unknown command.
You hit the gnoll sergeant. You burn the gnoll sergeant.
You kill the gnoll sergeant!
The gnoll hits you from afar with a +0 spear.
You die...

...>..................####
###################......#
####### #......# #.....#
#.......
#.....#########.......
##............##.#####.
...............##.# #.
.#######.......##.# #.
....fg)@.......+.. #.
.....g##.......#### ##
..... #..........# ....
#######.##.# ... #.##.# ..
#.##.# . #.##.#
####.##.####.#
.............#


You could see a sleepcap and 2 gnolls.

Vanquished Creatures
  A bullfrog (D:4)
  A gnoll sergeant (D:4)
  A hound (D:4)
  An iguana (D:4)
  A gnoll (D:4)
  5 adders
  3 dart slugs
  2 ribbon worms
  An orc (D:3)
  3 endoplasms
  4 giant cockroaches
  6 goblins
  8 hobgoblins
  9 jackals
  3 quokkas
  4 ball pythons
  7 bats
  3 frilled lizards
  4 kobolds
  3 rats
70 creatures vanquished.

Notes
Turn   | Place    | Note
-------+----------+-------------------------------------------
     0 | D:1      | cdecastro the Human Cinder Acolyte began the quest for the
                  | Orb.
     0 | D:1      | Reached XP level 1. HP: 18/18 MP: 2/2
    73 | D:1      | Reached XP level 2. HP: 24/24 MP: 3/3
   353 | D:1      | Reached XP level 3. HP: 29/29 MP: 4/4
  1174 | D:2      | Found a transporter.
  1204 | D:2      | Found Mezek's Magic Scroll Shoppe.
  1388 | D:2      | Reached XP level 4. HP: 33/35 MP: 5/5
  1479 | D:2      | Reached skill level 1 in Ranged Weapons
  1673 | D:2      | Found a runed translucent door.
  1674 | D:2      | Noticed Crazy Yiuf
  1770 | D:2      | Found a transporter.
  1923 | D:2      | Bought a scroll of teleportation for 36 gold pieces
  1923 | D:2      | Bought a scroll of fear for 48 gold pieces
  1923 | D:2      | Bought a scroll of teleportation for 36 gold pieces
  2150 | D:3      | Found a glowing golden altar of the Shining One.
  2350 | D:3      | Found a bloodstained altar of Trog.
  2565 | D:4      | Noticed a bullfrog
  2572 | D:4      | Killed a bullfrog
  2573 | D:4      | Reached XP level 5. HP: 38/41 MP: 6/6
  2598 | D:4      | Found a staircase to the Ecumenical Temple.
  2637 | Temple   | Entered the Ecumenical Temple
  2759 | D:4      | Reached XP level 6. HP: 34/47 MP: 7/7
  2953 | D:4      | Slain by a gnoll

Illustrated notes

Levels and vault maps discovered:
D:1:      dpeg_arrival_erosion, layout_basic
D:2:      layout_loops_ring, serial_shops, nicolae_shop_drivethru,
          minmay_misc_feat_room, kennysheep_generic_room_14,
          uniq_crazy_yiuf_cottage
D:3:      layout_rooms, trog_book, old_standard_altar, serial_glass,
          glass_columns_a, glass_columns_a, hangedman_feature_mirror,
          ebering_dispersal_statue_hall, chequers_serial_rivers_micro_a
D:4:      layout_basic, minmay_temple_entry_purple_smoke, serial_shops,
          nicolae_book_shop_shelving, nicolae_shop_crystal, uniq_sigmund
Temple:   nicolae_temple_bog_church

Skill      XL: |  1  2  3  4  5 |
---------------+----------------+-----
Polearms       | 4 |  4.6
Ranged Weapons | 3 4 |  4.6
Fighting       | |  3.0
Spellcasting   | |  1.0
Fire Magic     | |  3.0

Action                     |  1- 3 |  4- 6 || total
---------------------------+-------+-------++-------
  Melee: Spear             |   145 |    15 ||   160
         Punch             |     1 |       ||     1
   Fire: Longbow           |    18 |   117 ||   135
 Invoke: Fiery Armour      |       |     2 ||     2
 Armour: Robe              |    21 |       ||    21
         Ring mail         |    48 |    18 ||    66
         Chain mail        |       |   111 ||   111
  Dodge: Dodged            |    81 |    65 ||   146
